 Dungeon Crawl Stone Soup version 0.24-a0-585-g5c5dc1b5cb (webtiles) character file.

Game seed: 17917676790585960110, levelgen mode: deterministic

46 BinkBink the Chopper (level 3, -8/34 HPs)
             Began as a Deep Dwarf Berserker on Sept 7, 2019.
             Was a Follower of Trog.
             Killed by divine providence
             ... invoked by an orc priest
              (13 damage)
             ... on level 2 of the Dungeon.
             The game lasted 00:02:18 (883 turns).

BinkBink the Chopper (Deep Dwarf Berserker)          Turns: 883, Time: 00:02:19

Health: -8/34      AC:  6    Str: 21    XL:     3   Next: 44%
Magic:  3/3        EV: 11    Int:  7    God:    Trog [*.....]
Gold:   24         SH:  0    Dex: 12    Spells: 2/2 levels left

rFire    . . .     SeeInvis .   a - +0 hand axe
rCold    . . .     Gourm    .   (no shield)
rNeg     . . .     Faith    .   d - +0 scale mail
rPois    .         Spirit   .   (no helmet)
rElec    .         Reflect  .   (no cloak)
rCorr    .         Harm     .   (no gloves)
MR       .....                  (no boots)
Stlth    ..........             (no amulet)
HPRegen  0.00/turn              (no ring)
MPRegen  0.08/turn              (no ring)

@: non-regenerating
A: damage resistance, heal wounds, sense surroundings 1, no regeneration
a: Heal Wounds, Berserk, Renounce Religion


You were on level 2 of the Dungeon.
You worshipped Trog.
Trog was aware of your devotion.
You were not hungry.

You visited 1 branch of the dungeon, and saw 2 of its levels.

You collected 24 gold pieces.

Inventory:

Hand Weapons
 a - a +0 hand axe (weapon)
Armour
 b - a +0 animal skin
 d - a +0 scale mail (worn)
Jewellery
 e - a +2 ring of strength {unknown}
Scrolls
 f - a scroll of teleportation {unknown}
 g - a scroll of identify {unknown}
 h - 2 scrolls of enchant armour {unknown}
Comestibles
 c - 2 rations


   Skills:
 + Level 3.4 Fighting
 + Level 4.0 Axes
 + Level 2.3 Armour
 + Level 2.5 Dodging


You had 2 spell levels left.
You didn't know any spells.
Your spell library was empty.

Dungeon Overview and Level Annotations

Branches:
Dungeon (2/15)

Altars:


Innate Abilities, Weirdness & Mutations

You are resistant to damage.
You can heal yourself by infusing magical energy.
You passively map a small area around you.
You do not regenerate.


Message History

You barely miss the orc priest.
The orc priest mumbles some strange prayers to Beogh against you.
Pain shoots through your body!
You hit the orc priest.
The orc priest is moderately wounded.
The orc priest hits you with a +0 falchion.
You barely miss the orc priest.
The orc priest is moderately wounded.
The orc priest hits you but does no damage.
You closely miss the orc priest.
The orc priest is moderately wounded.
The orc priest invokes the aid of Beogh against you.
Pain shoots through your body!
* * * LOW HITPOINT WARNING * * *
The orc priest misses you.
You barely miss the orc priest.
The orc priest is moderately wounded.
The orc priest mumbles some strange prayers to Beogh against you.
Beogh smites you!
You die...

, ...............
............... * ,
$........o..... ,
......o<......., , * ,
.........[)...... ,
..#...:.........# , *
#,##.#..........* , ,
**#.*#o#.........# ,
** .,#@#.........#,
..###.#.#........##,
*......#.#.........#
..............<...# ,
, ,
......#...........#.*
,
###...................
* ,
#.....#.............
......>.##........#..#
..#.#.#####.....#....#


You could see an orc priest and an orc (wandering).

Vanquished Creatures
  2 oozes (D:1)
  A dart slug (D:1)
  2 leopard geckos (D:1)
  2 orcs (D:1)
  6 goblins
  4 hobgoblins
  3 jackals (D:1)
  A frilled lizard (D:1)
  6 kobolds (D:1)
  2 rats (D:1)
29 creatures vanquished.

Notes
Turn   | Place    | Note
-------+----------+-------------------------------------------
     0 | D:1      | BinkBink the Deep Dwarf Berserker began the quest for the
                  | Orb.
     0 | D:1      | Reached XP level 1. HP: 20/20 MP: 1/1
    63 | D:1      | Reached XP level 2. HP: 15/28 MP: 2/2
   282 | D:1      | Reached XP level 3. HP: 15/34 MP: 3/3
   674 | D:1      | Reached skill level 4 in Axes
   883 | D:2      | Killed from afar by an orc priest

Levels and vault maps discovered:
D:1:      erik_arrival_gehennom, layout_loops_ring, minmay_misc_feat_enclosed
D:2:      layout_rooms

Skill      XL: |  1  2  3 |
---------------+----------+-----
Fighting       | 3 |  3.4
Axes           | 4 |  4.0
Armour         | |  2.3
Dodging        | |  2.5

Action                   || total
-------------------------++-------
Melee: Hand axe          ||   123
 Abil: Heal Wounds       ||     1
 Stab: Sleeping          ||     1
Armor: Animal skin       ||     1
       Scale mail        ||    41
Dodge: Dodged            ||    77

Table legend:
 A = Non-vault XP
 B = Vault XP
 C = Vault XP percentage of total XP
 D = Non-vault monster count
 E = Vault monster count
 F = Vault count percentage of total count
                 A         B        C        D         E       F
            +---------+---------+-------+---------+---------+-------
      Total |      48 |      18 |  27.3 |      24 |       5 |  17.2
            +---------+---------+-------+---------+---------+-------
        D:1 |      45 |      18 |  28.6 |      22 |       5 |  18.5
        D:2 |       3 |       0 |   0.0 |       2 |       0 |   0.0
            +---------+---------+-------+---------+---------+-------
